Islanders vs Lightning

Created - 26 janvier 2021 at 20:25

Goals
1 2 3 T
Islanders 0 1 0 1
Lightning 3 0 1 4
Shots
1 2 3 T
Islanders 11 10 8 29
Lightning 26 11 13 50

1st period

1. Lightning , Travis Zajac 8 (Jeff Skinner 14, Erik Gudbranson 11) at 8:54
2. Lightning , Alex Killorn 22 (William Karlsson 22, Trevor Daley 8) at 13:12 (PP)
3. Lightning , William Karlsson 16 (Kevin Shattenkirk 25, Alex Killorn 21) at 19:12 (PP)

Penalties :
Dennis Cholowski (NYI) for Holding (Minor) at 1:54, Tyler Myers (NYI) for Slashing (Minor) at 6:41, Tyler Myers (NYI) for Hooking (Minor) at 11:17, Anthony DeAngelo (NYI) for Tripping (Minor) at 18:48

2nd period

4. Islanders , Anthony Cirelli 13 (Andrei Svechnikov 18) at 15:11

Penalties :
Joe Pavelski (NYI) for Holding (Minor) at 0:15

3rd period

5. Lightning , Logan Couture 19 (Sidney Crosby 23, Jason Demers 9) at 3:43

Penalties :
Nick Holden (NYI) for Slashing (Minor) at 3:59, Ben Chiarot (NYI) for Slashing (Minor) at 7:18, Erik Gudbranson (TBL) for Holding (Minor) at 11:38, Zack Kassian (TBL) for Roughing (Minor) at 14:58

Goalie Stats

Mikko Koskinen (NYI), 46 saves from 50 shots - (0,920), L, 21-25-4, 60:00 minutes
Jaroslav Halak (TBL), 28 saves from 29 shots - (0,966), W, 22-9-1, 60:00 minutes

Players Stats for Islanders

Player Name              G  A  P  +/- PIM S  H  SB GA TA FO     MP     PP MP  PK MP  
------------------------------------------------------------------------------------
Andrei Svechnikov        0  1  1   1  0   1  1  0  0  0  0/1    16:17   2:03   0:00 
Anthony Cirelli          1  0  1   1  0   7  2  0  0  0  18/32  20:17   2:03   4:00 
Anthony DeAngelo         0  0  0   0  2   2  0  2  0  0  0/0    20:40   1:45   5:09 
Ben Chiarot              0  0  0   0  2   0  0  6  0  0  0/0    20:06   1:45   4:35 
Brad Marchand            0  0  0  -1  0   4  2  0  0  0  4/15   22:46   1:55   7:58 
Colton Sceviour          0  0  0  -1  0   1  0  0  0  0  8/19   13:03   0:00   0:00 
Dennis Cholowski         0  0  0   1  2   2  1  0  0  0  0/0    15:37   0:00   3:06 
Elias Pettersson         0  0  0  -1  0   3  1  0  0  0  5/21   22:46   1:55   7:58 
Joe Pavelski             0  0  0  -1  2   1  0  0  0  0  1/2    21:37   1:55   3:12 
Jordan Greenway          0  0  0  -1  0   2  0  0  0  0  1/1    13:03   0:00   0:00 
Neal Pionk               0  0  0  -2  0   1  3  6  0  0  0/0    26:23   2:13   6:41 
Nick Holden              0  0  0   1  2   0  5  0  0  0  0/0    12:31   0:00   0:00 
Nikita Gusev             0  0  0   0  0   1  0  0  0  0  0/0     3:54   0:00   0:16 
Richard Panik            0  0  0  -1  0   2  3  0  0  0  0/0    13:03   0:00   0:00 
Sam Steel                0  0  0   0  0   0  0  0  0  0  2/7     4:42   0:00   1:04 
Timo Meier               0  0  0   1  0   1  1  0  0  0  0/2    16:17   2:03   0:00 
Travis Dermott           0  0  0   0  0   0  0  0  0  0  0/0     3:49   0:00   0:40 
Tyler Myers              0  0  0  -2  4   1  3  1  0  0  0/0    20:48   2:13   4:17 

Players Stats for Lightning

Player Name              G  A  P  +/- PIM S  H  SB GA TA FO     MP     PP MP  PK MP  
------------------------------------------------------------------------------------
Alex Killorn             1  1  2  -1  0   6  1  0  0  0  1/4    21:17   6:38   0:03 
Erik Gudbranson          0  1  1   1  2   0  1  1  0  0  0/0    13:52   0:00   0:00 
Frederik Gauthier        0  0  0   0  0   1  0  0  0  0  4/6     4:18   0:00   1:10 
Jason Demers             0  1  1   1  0   0  2  4  0  0  0/0    24:40   5:25   2:04 
Jeff Carter              0  0  0   1  0   2  2  0  0  0  0/1    21:00   5:36   0:00 
Jeff Skinner             0  1  1   1  0   3  0  0  0  0  1/1    10:43   0:00   0:03 
Joonas Donskoi           0  0  0  -1  0   5  0  0  0  0  1/3    22:24   6:38   1:10 
Kevin Shattenkirk        0  1  1   1  0   2  0  4  0  0  0/0    24:40   5:25   2:04 
Logan Couture            1  0  1   1  0   6  1  0  0  0  2/2    21:00   5:36   0:00 
Luca Sbisa               0  0  0   1  0   0  2  1  0  0  0/0    13:53   0:00   0:00 
Pierre-Edouard Bellemare 0  0  0   0  0   0  0  0  0  0  1/2     5:53   0:00   2:45 
Ryan Lindgren            0  0  0   0  0   0  0  0  0  0  0/0     0:00   0:00   0:00 
Sidney Crosby            0  1  1   1  0   6  1  0  0  0  18/31  24:08   5:36   0:00 
Travis Zajac             1  0  1   1  0   7  0  1  0  0  13/20  13:25   0:00   2:45 
Trevor Daley             0  1  1  -1  0   1  0  0  0  0  0/0    21:27   6:49   1:54 
William Karlsson         1  1  2  -1  0   4  3  0  0  0  20/30  21:14   6:38   0:00 
Zach Bogosian            0  0  0  -1  0   5  5  0  0  0  0/0    21:27   6:49   1:54 
Zack Kassian             0  0  0   1  2   2  2  0  0  0  0/0    10:39   0:00   0:00 

3 Stars

1 - William Karlsson (TBL)
2 - Jaroslav Halak (TBL)
3 - Logan Couture (TBL)

Power Play

Islanders - 0 on 2 Attempt(s) - 0,00%
Lightning - 2 on 7 Attempt(s) - 28,57%

Penalty Kill

Islanders - 5 on 7 Attempt(s) - 71,43% - Score 0 goal in Penalty Kill
Lightning - 2 on 2 Attempt(s) - 100,00% - Score 0 goal in Penalty Kill

Team Stat

Islanders - Hits : 22 - Faceoff Wins : 39 - Blocked Shots : 15 - Penalty Minutes : 14
Lightning - Hits : 20 - Faceoff Wins : 61 - Blocked Shots : 11 - Penalty Minutes : 4

Official

Referees : Shaun Davis and Justin Kea
Linesman : Kyle Flemington and David Brisebois

Game Notes

No Game Note

Finance

Level 1 -- Attendance: 6328 (97,35%) -- Ticket Income 696 080 $
Level 2 -- Attendance: 4456 (89,12%) -- Ticket Income 423 320 $
Level 3 -- Attendance: 3342 (95,49%) -- Ticket Income 250 650 $
Level 4 -- Attendance: 2609 (81,43%) -- Ticket Income 117 405 $
Luxury Box -- Attendance: 533 (53,30%) -- Ticket Income 191 880 $
Game was played at the Amalie Arena.
Total Attendance: 17268 (89,92%)
Total Ticket Income: 1 679 335 $
Other Income: 822 874 $
Total Income: 2 502 209 $

% Time on Ice - Islanders

Lines # - Real PCT - Wanted PCT - Time Play
Normal Forward
1 - 29% - 40% - 12:53
2 - 32% - 30% - 14:14
3 - 30% - 20% - 13:03
4 - 8% - 10% - 3:38
Normal Defense
1 - 33% - 40% - 14:20
2 - 31% - 30% - 13:47
3 - 29% - 20% - 12:32
4 - 7% - 10% - 3:09
PP Forward
1 - 48% - 60% - 1:55
2 - 52% - 40% - 2:03
PP Defense
1 - 56% - 60% - 2:13
2 - 44% - 40% - 1:45
PK Forward
1 - 67% - 60% - 8:14
2 - 33% - 40% - 4:00
PK Defense
1 - 55% - 60% - 6:41
2 - 45% - 40% - 5:33
PK3 Forward
1 - 0% - 60%
2 - 0% - 40%
PK3 Defense
1 - 0% - 60%
2 - 0% - 40%
44 Forward
1 - 0% - 60%
2 - 0% - 40%
44 Defense
1 - 0% - 60%
2 - 0% - 40%
Last Minute Offensive  - 0:00
Last Minute Defensive  - 0:00
Total
Forward - 60:00
Defense - 60:00

% Time on Ice - Lightning

Lines # - Real PCT - Wanted PCT - Time Play
Normal Forward
1 - 35% - 40% - 15:24
2 - 33% - 36% - 14:36
3 - 24% - 17% - 10:40
4 - 7% - 7% - 3:08
Normal Defense
1 - 38% - 40% - 16:26
2 - 29% - 30% - 12:44
3 - 32% - 20% - 13:53
4 - 2% - 10% - 0:45
PP Forward
1 - 46% - 55% - 5:36
2 - 54% - 45% - 6:38
PP Defense
1 - 44% - 50% - 5:25
2 - 56% - 50% - 6:49
PK Forward
1 - 71% - 60% - 2:48
2 - 29% - 40% - 1:10
PK Defense
1 - 52% - 60% - 2:04
2 - 48% - 40% - 1:54
PK3 Forward
1 - 0% - 60%
2 - 0% - 40%
PK3 Defense
1 - 0% - 60%
2 - 0% - 40%
44 Forward
1 - 0% - 60%
2 - 0% - 40%
44 Defense
1 - 0% - 60%
2 - 0% - 40%
Last Minute Offensive  - 0:00
Last Minute Defensive  - 0:00
Total
Forward - 60:00
Defense - 60:00

Play-by-Play

1st period


0:01 of 1st period - Logan Couture wins face-off versus Elias Pettersson in neutral zone.
0:08 of 1st period - Shot by Logan Couture.
0:08 of 1st period - Stopped by Mikko Koskinen without a rebound.
0:09 of 1st period - Anthony Cirelli wins face-off versus Alex Killorn in Islanders zone.
0:36 of 1st period - Shot by Joonas Donskoi.
0:36 of 1st period - Stopped by Mikko Koskinen with a rebound.
0:38 of 1st period - Shot by Joonas Donskoi.
0:38 of 1st period - Deflect By Alex Killorn.
0:38 of 1st period - Shot Misses the Net.
0:42 of 1st period - Shot by Joonas Donskoi.
0:42 of 1st period - Stopped by Mikko Koskinen without a rebound.
0:43 of 1st period - Colton Sceviour wins face-off versus Sidney Crosby in Islanders zone.
1:11 of 1st period - Logan Couture is hit by Nick Holden.
1:36 of 1st period - Travis Zajac is hit by Nick Holden and loses puck.
1:46 of 1st period - Jeff Skinner is hit by Nick Holden and loses puck.
1:54 of 1st period - Minor Penalty to Dennis Cholowski for Holding.
1:55 of 1st period - William Karlsson wins face-off versus Brad Marchand in Islanders zone.
2:02 of 1st period - Shot by William Karlsson.
2:02 of 1st period - Shot Misses the Net.
2:04 of 1st period - Shot by Zach Bogosian.
2:04 of 1st period - Deflect By William Karlsson.
2:04 of 1st period - Shot Blocked by Neal Pionk.
3:34 of 1st period - Shot by William Karlsson.
3:34 of 1st period - Stopped by Mikko Koskinen without a rebound.
3:35 of 1st period - Anthony Cirelli wins face-off versus Sidney Crosby in Islanders zone.
4:11 of 1st period - Shot by Jeff Skinner.
4:11 of 1st period - Deflect By Travis Zajac.
4:11 of 1st period - Stopped by Mikko Koskinen with a rebound.
4:13 of 1st period - Shot by Travis Zajac.
4:13 of 1st period - Shot Misses the Net.
4:30 of 1st period - Shot by Travis Zajac.
4:30 of 1st period - Stopped by Mikko Koskinen without a rebound.
4:31 of 1st period - William Karlsson wins face-off versus Sam Steel in Islanders zone.
4:48 of 1st period - Shot by Nikita Gusev.
4:48 of 1st period - Stopped by Jaroslav Halak without a rebound.
4:49 of 1st period - Frederik Gauthier wins face-off versus Colton Sceviour in Lightning zone.
4:53 of 1st period - Off-side.
4:54 of 1st period - William Karlsson wins face-off versus Elias Pettersson in neutral zone.
5:01 of 1st period - Shot by Alex Killorn.
5:01 of 1st period - Shot Misses the Net.
5:14 of 1st period - Icing by Kevin Shattenkirk.
5:15 of 1st period - Anthony Cirelli wins face-off versus William Karlsson in Lightning zone.
5:55 of 1st period - Anthony Cirelli is hit by Sidney Crosby and loses puck.
6:01 of 1st period - Icing by Ben Chiarot.
6:02 of 1st period - Travis Zajac wins face-off versus Timo Meier in Islanders zone.
6:07 of 1st period - Shot by Jeff Skinner.
6:07 of 1st period - Shot Blocked by Ben Chiarot.
6:31 of 1st period - Shot by Brad Marchand.
6:31 of 1st period - Stopped by Jaroslav Halak without a rebound.
6:32 of 1st period - Sidney Crosby wins face-off versus Elias Pettersson in Lightning zone.
6:32 of 1st period - Sidney Crosby is hit by Brad Marchand.
6:39 of 1st period - Icing by Neal Pionk.
6:40 of 1st period - Sidney Crosby wins face-off versus Elias Pettersson in Islanders zone.
6:40 of 1st period - Sidney Crosby is hit by Tyler Myers.
6:41 of 1st period - Minor Penalty to Tyler Myers for Slashing.
6:42 of 1st period - Logan Couture wins face-off versus Brad Marchand in Islanders zone.
6:58 of 1st period - Icing by Zach Bogosian.
6:59 of 1st period - Sidney Crosby wins face-off versus Brad Marchand in Lightning zone.
7:15 of 1st period - Shot by Jeff Carter.
7:15 of 1st period - Shot Blocked by Ben Chiarot.
7:19 of 1st period - Shot by Zach Bogosian.
7:19 of 1st period - Stopped by Mikko Koskinen without a rebound.
7:20 of 1st period - Brad Marchand wins face-off versus William Karlsson in Islanders zone.
8:28 of 1st period - Shot by Sidney Crosby.
8:28 of 1st period - Shot Blocked by Ben Chiarot.
8:30 of 1st period - Shot by Zach Bogosian.
8:30 of 1st period - Stopped by Mikko Koskinen with a rebound.
8:32 of 1st period - Shot by Zach Bogosian.
8:32 of 1st period - Shot Misses the Net.
8:44 of 1st period - Shot by Zack Kassian.
8:44 of 1st period - Shot Misses the Net.
8:48 of 1st period - Shot by Jeff Skinner.
8:48 of 1st period - Shot Misses the Net.
8:50 of 1st period - Shot by Travis Zajac.
8:50 of 1st period - Stopped by Mikko Koskinen with a rebound.
8:52 of 1st period - Shot by Travis Zajac.
8:52 of 1st period - Shot Misses the Net.
8:54 of 1st period - Shot by Travis Zajac.
8:54 of 1st period - Goal by Travis Zajac - Islanders : 0 - Lightning : 1.
8:55 of 1st period - Anthony Cirelli wins face-off versus Frederik Gauthier in neutral zone.
9:02 of 1st period - Shot by Andrei Svechnikov.
9:02 of 1st period - Deflect By Anthony Cirelli.
9:02 of 1st period - Shot Misses the Net.
9:04 of 1st period - Shot by Anthony Cirelli.
9:04 of 1st period - Stopped by Jaroslav Halak with a rebound.
9:20 of 1st period - Shot by Andrei Svechnikov.
9:20 of 1st period - Shot Blocked by Luca Sbisa.
9:22 of 1st period - Shot by Anthony Cirelli.
9:22 of 1st period - Stopped by Jaroslav Halak without a rebound.
9:23 of 1st period - William Karlsson wins face-off versus Elias Pettersson in Lightning zone.
9:25 of 1st period - Icing by Kevin Shattenkirk.
9:26 of 1st period - Joonas Donskoi wins face-off versus Elias Pettersson in Lightning zone.
9:39 of 1st period - Shot by Joonas Donskoi.
9:39 of 1st period - Shot Misses the Net.
9:49 of 1st period - Shot by Joonas Donskoi.
9:49 of 1st period - Stopped by Mikko Koskinen without a rebound.
9:50 of 1st period - Sidney Crosby wins face-off versus Colton Sceviour in Islanders zone.
9:55 of 1st period - Shot by Logan Couture.
9:55 of 1st period - Stopped by Mikko Koskinen with a rebound.
9:57 of 1st period - Shot by Zach Bogosian.
9:57 of 1st period - Stopped by Mikko Koskinen without a rebound.
9:58 of 1st period - Sidney Crosby wins face-off versus Anthony Cirelli in Islanders zone.
10:01 of 1st period - Shot by Jeff Carter.
10:01 of 1st period - Stopped by Mikko Koskinen without a rebound.
10:02 of 1st period - Sidney Crosby wins face-off versus Elias Pettersson in Islanders zone.
10:02 of 1st period - Sidney Crosby is hit by Neal Pionk.
10:05 of 1st period - Logan Couture is hit by Neal Pionk and loses puck.
10:19 of 1st period - Icing by Jason Demers.
10:20 of 1st period - Sidney Crosby wins face-off versus Colton Sceviour in Lightning zone.
11:17 of 1st period - Shot by Alex Killorn.
11:17 of 1st period - Deflect By Joonas Donskoi.
11:17 of 1st period - Stopped by Mikko Koskinen without a rebound.
11:17 of 1st period - Minor Penalty to Tyler Myers for Hooking.
11:18 of 1st period - Brad Marchand wins face-off versus Alex Killorn in Islanders zone.
11:49 of 1st period - Shot by William Karlsson.
11:49 of 1st period - Deflect By Alex Killorn.
11:49 of 1st period - Stopped by Mikko Koskinen with a rebound.
11:51 of 1st period - Shot by Zach Bogosian.
11:51 of 1st period - Shot Misses the Net.
11:53 of 1st period - Shot by Alex Killorn.
11:53 of 1st period - Stopped by Mikko Koskinen without a rebound.
11:54 of 1st period - Anthony Cirelli wins face-off versus Sidney Crosby in Islanders zone.
12:05 of 1st period - Shot by Jason Demers.
12:05 of 1st period - Shot Blocked by Anthony DeAngelo.
12:13 of 1st period - Shot by Jeff Carter.
12:13 of 1st period - Shot Blocked by Ben Chiarot.
12:15 of 1st period - Shot by Jeff Carter.
12:15 of 1st period - Deflect By Sidney Crosby.
12:15 of 1st period - Stopped by Mikko Koskinen without a rebound.
12:16 of 1st period - William Karlsson wins face-off versus Elias Pettersson in Islanders zone.
12:43 of 1st period - Shot by Alex Killorn.
12:43 of 1st period - Stopped by Mikko Koskinen without a rebound.
12:44 of 1st period - Sidney Crosby wins face-off versus Anthony Cirelli in Islanders zone.
12:45 of 1st period - Shot by Logan Couture.
12:45 of 1st period - Shot Blocked by Anthony DeAngelo.
12:52 of 1st period - Icing by Jason Demers.
12:53 of 1st period - Anthony Cirelli wins face-off versus Sidney Crosby in Lightning zone.
12:58 of 1st period - Shot by Joe Pavelski.
12:58 of 1st period - Stopped by Jaroslav Halak without a rebound.
12:59 of 1st period - William Karlsson wins face-off versus Brad Marchand in Lightning zone.
13:12 of 1st period - Shot by Alex Killorn.
13:12 of 1st period - Goal by Alex Killorn - Islanders : 0 - Lightning : 2.
13:13 of 1st period - Anthony Cirelli wins face-off versus Sidney Crosby in neutral zone.
13:20 of 1st period - Shot by Timo Meier.
13:20 of 1st period - Shot Blocked by Jason Demers.
13:22 of 1st period - Shot by Anthony DeAngelo.
13:22 of 1st period - Stopped by Jaroslav Halak without a rebound.
13:23 of 1st period - Elias Pettersson wins face-off versus William Karlsson in Lightning zone.
13:50 of 1st period - Shot by Elias Pettersson.
13:50 of 1st period - Shot Blocked by Jason Demers.
13:52 of 1st period - Shot by Neal Pionk.
13:52 of 1st period - Deflect By Elias Pettersson.
13:52 of 1st period - Shot Misses the Net.
14:02 of 1st period - Shot by Elias Pettersson.
14:02 of 1st period - Deflect By Brad Marchand.
14:02 of 1st period - Stopped by Jaroslav Halak without a rebound.
14:03 of 1st period - Anthony Cirelli wins face-off versus Jeff Carter in Lightning zone.
14:12 of 1st period - Shot by Anthony Cirelli.
14:12 of 1st period - Stopped by Jaroslav Halak without a rebound.
14:13 of 1st period - Colton Sceviour wins face-off versus Sidney Crosby in Lightning zone.
14:13 of 1st period - Anthony DeAngelo is hit by Zach Bogosian and loses puck.
14:22 of 1st period - Shot by Jordan Greenway.
14:22 of 1st period - Stopped by Jaroslav Halak without a rebound.
14:23 of 1st period - Travis Zajac wins face-off versus Anthony Cirelli in Lightning zone.
14:23 of 1st period - Zack Kassian is hit by Anthony Cirelli.
14:29 of 1st period - Shot by Andrei Svechnikov.
14:29 of 1st period - Shot Misses the Net.
14:38 of 1st period - Andrei Svechnikov is hit by Luca Sbisa and loses puck.
15:44 of 1st period - Off-side.
15:45 of 1st period - Colton Sceviour wins face-off versus Joonas Donskoi in neutral zone.
16:03 of 1st period - Shot by Jordan Greenway.
16:03 of 1st period - Stopped by Jaroslav Halak with a rebound.
16:05 of 1st period - Shot by Colton Sceviour.
16:05 of 1st period - Stopped by Jaroslav Halak without a rebound.
16:06 of 1st period - Sidney Crosby wins face-off versus Anthony Cirelli in Lightning zone.
16:42 of 1st period - Shot by Sidney Crosby.
16:42 of 1st period - Deflect By Logan Couture.
16:42 of 1st period - Stopped by Mikko Koskinen without a rebound.
16:43 of 1st period - William Karlsson wins face-off versus Elias Pettersson in Islanders zone.
17:03 of 1st period - Icing by Jason Demers.
17:04 of 1st period - Jordan Greenway wins face-off versus William Karlsson in Lightning zone.
17:04 of 1st period - Jordan Greenway is hit by Jason Demers.
17:06 of 1st period - Shot by Colton Sceviour.
17:06 of 1st period - Shot Misses the Net.
17:51 of 1st period - Icing by Colton Sceviour.
17:52 of 1st period - Sidney Crosby wins face-off versus Colton Sceviour in Islanders zone.
18:47 of 1st period - Shot by Zack Kassian.
18:47 of 1st period - Stopped by Mikko Koskinen without a rebound.
18:48 of 1st period - Travis Zajac wins face-off versus Andrei Svechnikov in Islanders zone.
18:48 of 1st period - Minor Penalty to Anthony DeAngelo for Tripping.
18:49 of 1st period - William Karlsson wins face-off versus Brad Marchand in Islanders zone.
18:54 of 1st period - Shot by Joonas Donskoi.
18:54 of 1st period - Shot Misses the Net.
18:56 of 1st period - Shot by Alex Killorn.
18:56 of 1st period - Deflect By William Karlsson.
18:56 of 1st period - Shot Blocked by Ben Chiarot.
19:08 of 1st period - Shot by Kevin Shattenkirk.
19:08 of 1st period - Shot Misses the Net.
19:12 of 1st period - Shot by William Karlsson.
19:12 of 1st period - Goal by William Karlsson - Islanders : 0 - Lightning : 3.
19:13 of 1st period - Pierre-Edouard Bellemare wins face-off versus Sam Steel in neutral zone.
19:18 of 1st period - Shot by Sidney Crosby.
19:18 of 1st period - Stopped by Mikko Koskinen without a rebound.
19:19 of 1st period - Sam Steel wins face-off versus Sidney Crosby in Islanders zone.
19:19 of 1st period - Sam Steel is hit by Jeff Carter.
19:45 of 1st period - Shot by Jeff Carter.
19:45 of 1st period - Stopped by Mikko Koskinen with a rebound.
19:47 of 1st period - Shot by Logan Couture.
19:47 of 1st period - Shot Misses the Net.
19:49 of 1st period - Shot by Sidney Crosby.
19:49 of 1st period - Shot Blocked by Neal Pionk.
19:51 of 1st period - Shot by Zach Bogosian.
19:51 of 1st period - Stopped by Mikko Koskinen without a rebound.
19:52 of 1st period - Anthony Cirelli wins face-off versus William Karlsson in Islanders zone.
Goals for this period are 0 for Islanders vs 3 for Lightning.
Shots for this period are 11 for Islanders vs 26 for Lightning.

2nd period


0:01 of 2nd period - William Karlsson wins face-off versus Elias Pettersson in neutral zone.
0:15 of 2nd period - Minor Penalty to Joe Pavelski for Holding.
0:16 of 2nd period - Sidney Crosby wins face-off versus Brad Marchand in Islanders zone.
0:21 of 2nd period - Shot by Logan Couture.
0:21 of 2nd period - Stopped by Mikko Koskinen without a rebound.
0:22 of 2nd period - Sidney Crosby wins face-off versus Brad Marchand in Islanders zone.
1:31 of 2nd period - Shot by Joonas Donskoi.
1:31 of 2nd period - Stopped by Mikko Koskinen with a rebound.
1:38 of 2nd period - Icing by William Karlsson.
1:39 of 2nd period - William Karlsson wins face-off versus Brad Marchand in Lightning zone.
2:10 of 2nd period - Shot by Sidney Crosby.
2:10 of 2nd period - Shot Misses the Net.
2:12 of 2nd period - Shot by Jeff Carter.
2:12 of 2nd period - Shot Blocked by Neal Pionk.
2:14 of 2nd period - Shot by Kevin Shattenkirk.
2:14 of 2nd period - Stopped by Mikko Koskinen with a rebound.
2:17 of 2nd period - Icing by Nick Holden.
2:18 of 2nd period - Travis Zajac wins face-off versus Colton Sceviour in Islanders zone.
2:18 of 2nd period - Travis Zajac is hit by Dennis Cholowski.
2:42 of 2nd period - Shot by Zack Kassian.
2:42 of 2nd period - Stopped by Mikko Koskinen with a rebound.
2:48 of 2nd period - Shot by Jordan Greenway.
2:48 of 2nd period - Shot Blocked by Erik Gudbranson.
2:50 of 2nd period - Shot by Colton Sceviour.
2:50 of 2nd period - Shot Hit the Post.
2:52 of 2nd period - Shot by Nick Holden.
2:52 of 2nd period - Shot Misses the Net.
3:26 of 2nd period - Shot by Anthony Cirelli.
3:26 of 2nd period - Stopped by Jaroslav Halak without a rebound.
3:27 of 2nd period - Sidney Crosby wins face-off versus Elias Pettersson in Lightning zone.
3:27 of 2nd period - Sidney Crosby is hit by Brad Marchand.
3:56 of 2nd period - Shot by Elias Pettersson.
3:56 of 2nd period - Stopped by Jaroslav Halak with a rebound.
3:58 of 2nd period - Shot by Tyler Myers.
3:58 of 2nd period - Stopped by Jaroslav Halak without a rebound.
3:59 of 2nd period - William Karlsson wins face-off versus Anthony Cirelli in Lightning zone.
4:04 of 2nd period - Ben Chiarot is hit by William Karlsson and loses puck.
5:21 of 2nd period - Off-side.
5:22 of 2nd period - Travis Zajac wins face-off versus Colton Sceviour in neutral zone.
5:30 of 2nd period - Off-side.
5:31 of 2nd period - Colton Sceviour wins face-off versus Travis Zajac in neutral zone.
5:59 of 2nd period - Shot by Jeff Skinner.
5:59 of 2nd period - Shot Blocked by Neal Pionk.
6:05 of 2nd period - Shot by Zack Kassian.
6:05 of 2nd period - Shot Misses the Net.
6:11 of 2nd period - Jeff Skinner is hit by Richard Panik and loses puck.
7:03 of 2nd period - Sidney Crosby is hit by Nick Holden and loses puck.
7:20 of 2nd period - Shot by William Karlsson.
7:20 of 2nd period - Stopped by Mikko Koskinen without a rebound.
7:21 of 2nd period - William Karlsson wins face-off versus Anthony Cirelli in Islanders zone.
7:28 of 2nd period - Shot by Alex Killorn.
7:28 of 2nd period - Shot Blocked by Ben Chiarot.
7:30 of 2nd period - Shot by Alex Killorn.
7:30 of 2nd period - Stopped by Mikko Koskinen without a rebound.
7:31 of 2nd period - Alex Killorn wins face-off versus Anthony Cirelli in Islanders zone.
7:32 of 2nd period - Shot by William Karlsson.
7:32 of 2nd period - Shot Misses the Net.
7:34 of 2nd period - Shot by Trevor Daley.
7:34 of 2nd period - Stopped by Mikko Koskinen without a rebound.
7:35 of 2nd period - William Karlsson wins face-off versus Timo Meier in Islanders zone.
8:14 of 2nd period - Anthony Cirelli is hit by William Karlsson and loses puck.
8:27 of 2nd period - Shot by Sidney Crosby.
8:27 of 2nd period - Stopped by Mikko Koskinen without a rebound.
8:28 of 2nd period - Elias Pettersson wins face-off versus Sidney Crosby in Islanders zone.
8:59 of 2nd period - Shot by Brad Marchand.
8:59 of 2nd period - Stopped by Jaroslav Halak without a rebound.
9:00 of 2nd period - Travis Zajac wins face-off versus Colton Sceviour in Lightning zone.
9:00 of 2nd period - Travis Zajac is hit by Richard Panik.
9:17 of 2nd period - Zack Kassian is hit by Nick Holden and loses puck.
9:30 of 2nd period - Shot by Jeff Skinner.
9:30 of 2nd period - Shot Misses the Net.
9:32 of 2nd period - Shot by Travis Zajac.
9:32 of 2nd period - Stopped by Mikko Koskinen without a rebound.
9:33 of 2nd period - Anthony Cirelli wins face-off versus Alex Killorn in Islanders zone.
9:38 of 2nd period - Shot by Alex Killorn.
9:38 of 2nd period - Shot Blocked by Neal Pionk.
9:50 of 2nd period - Shot by Alex Killorn.
9:50 of 2nd period - Shot Misses the Net.
10:02 of 2nd period - Shot by William Karlsson.
10:02 of 2nd period - Shot Blocked by Tyler Myers.
10:34 of 2nd period - Shot by Elias Pettersson.
10:34 of 2nd period - Stopped by Jaroslav Halak without a rebound.
10:35 of 2nd period - Travis Zajac wins face-off versus Elias Pettersson in Lightning zone.
10:42 of 2nd period - Anthony DeAngelo is hit by Zack Kassian.
10:54 of 2nd period - Shot by Jeff Skinner.
10:54 of 2nd period - Stopped by Mikko Koskinen without a rebound.
10:55 of 2nd period - Colton Sceviour wins face-off versus Sidney Crosby in Islanders zone.
11:07 of 2nd period - Shot by Colton Sceviour.
11:07 of 2nd period - Deflect By Richard Panik.
11:07 of 2nd period - Stopped by Jaroslav Halak without a rebound.
11:08 of 2nd period - William Karlsson wins face-off versus Elias Pettersson in Lightning zone.
11:15 of 2nd period - Jason Demers is hit by Elias Pettersson and loses puck.
11:32 of 2nd period - Shot by Elias Pettersson.
11:32 of 2nd period - Shot Misses the Net.
11:36 of 2nd period - Shot by Brad Marchand.
11:36 of 2nd period - Shot Misses the Net.
12:29 of 2nd period - Shot by Anthony Cirelli.
12:29 of 2nd period - Stopped by Jaroslav Halak with a rebound.
13:10 of 2nd period - Richard Panik is hit by Luca Sbisa and loses puck.
14:16 of 2nd period - Andrei Svechnikov is hit by Jason Demers and loses puck.
14:19 of 2nd period - Shot by Andrei Svechnikov.
14:19 of 2nd period - Stopped by Jaroslav Halak without a rebound.
14:20 of 2nd period - Elias Pettersson wins face-off versus William Karlsson in Lightning zone.
14:28 of 2nd period - Elias Pettersson is hit by Zach Bogosian and loses puck.
14:36 of 2nd period - Brad Marchand is hit by Zach Bogosian and loses puck.
14:59 of 2nd period - Icing by Alex Killorn.
15:00 of 2nd period - William Karlsson wins face-off versus Anthony Cirelli in Lightning zone.
15:00 of 2nd period - Trevor Daley is hit by Andrei Svechnikov and loses puck.
15:09 of 2nd period - Shot by Andrei Svechnikov.
15:09 of 2nd period - Shot Misses the Net.
15:11 of 2nd period - Shot by Anthony Cirelli.
15:11 of 2nd period - Goal by Anthony Cirelli - Islanders : 1 - Lightning : 3.
15:12 of 2nd period - Colton Sceviour wins face-off versus Sidney Crosby in neutral zone.
15:41 of 2nd period - Shot by Colton Sceviour.
15:41 of 2nd period - Shot Blocked by Kevin Shattenkirk.
16:14 of 2nd period - Shot by Travis Zajac.
16:14 of 2nd period - Stopped by Mikko Koskinen without a rebound.
16:15 of 2nd period - Anthony Cirelli wins face-off versus William Karlsson in Islanders zone.
16:15 of 2nd period - Anthony Cirelli is hit by William Karlsson.
16:47 of 2nd period - Andrei Svechnikov is hit by Zach Bogosian and loses puck.
17:08 of 2nd period - Brad Marchand is hit by Alex Killorn and loses puck.
17:20 of 2nd period - Icing by Zach Bogosian.
17:21 of 2nd period - William Karlsson wins face-off versus Sam Steel in Lightning zone.
19:19 of 2nd period - Shot by Andrei Svechnikov.
19:19 of 2nd period - Deflect By Anthony Cirelli.
19:19 of 2nd period - Stopped by Jaroslav Halak without a rebound.
19:20 of 2nd period - Anthony Cirelli wins face-off versus Frederik Gauthier in Lightning zone.
19:31 of 2nd period - Shot by Andrei Svechnikov.
19:31 of 2nd period - Shot Blocked by Kevin Shattenkirk.
Goals for this period are 1 for Islanders vs 0 for Lightning.
Shots for this period are 10 for Islanders vs 11 for Lightning.

3rd period


0:01 of 3rd period - Brad Marchand wins face-off versus Sidney Crosby in neutral zone.
2:04 of 3rd period - Shot by Colton Sceviour.
2:04 of 3rd period - Deflect By Richard Panik.
2:04 of 3rd period - Shot Misses the Net.
2:08 of 3rd period - Shot by Richard Panik.
2:08 of 3rd period - Stopped by Jaroslav Halak without a rebound.
2:09 of 3rd period - Frederik Gauthier wins face-off versus Sam Steel in Lightning zone.
2:26 of 3rd period - Shot by Sidney Crosby.
2:26 of 3rd period - Stopped by Mikko Koskinen with a rebound.
2:28 of 3rd period - Shot by Frederik Gauthier.
2:28 of 3rd period - Stopped by Mikko Koskinen without a rebound.
2:29 of 3rd period - Colton Sceviour wins face-off versus Travis Zajac in Islanders zone.
2:38 of 3rd period - Icing by Erik Gudbranson.
2:39 of 3rd period - Jeff Skinner wins face-off versus Anthony Cirelli in Lightning zone.
2:39 of 3rd period - Travis Zajac is hit by Timo Meier and loses puck.
3:05 of 3rd period - Shot by Jeff Skinner.
3:05 of 3rd period - Shot Misses the Net.
3:09 of 3rd period - Shot by Travis Zajac.
3:09 of 3rd period - Shot Misses the Net.
3:43 of 3rd period - Shot by Logan Couture.
3:43 of 3rd period - Goal by Logan Couture - Islanders : 1 - Lightning : 4.
3:44 of 3rd period - Frederik Gauthier wins face-off versus Colton Sceviour in neutral zone.
3:59 of 3rd period - Shot by Sidney Crosby.
3:59 of 3rd period - Stopped by Mikko Koskinen without a rebound.
3:59 of 3rd period - Minor Penalty to Nick Holden for Slashing.
4:00 of 3rd period - Brad Marchand wins face-off versus William Karlsson in Islanders zone.
4:55 of 3rd period - Icing by Alex Killorn.
4:56 of 3rd period - Anthony Cirelli wins face-off versus William Karlsson in Lightning zone.
5:24 of 3rd period - Tyler Myers is hit by Logan Couture and loses puck.
5:29 of 3rd period - Shot by Kevin Shattenkirk.
5:29 of 3rd period - Stopped by Mikko Koskinen without a rebound.
5:30 of 3rd period - Sidney Crosby wins face-off versus Brad Marchand in Islanders zone.
5:37 of 3rd period - Shot by Logan Couture.
5:37 of 3rd period - Shot Blocked by Neal Pionk.
5:53 of 3rd period - Shot by Jeff Carter.
5:53 of 3rd period - Shot Misses the Net.
6:03 of 3rd period - Shot by Travis Zajac.
6:03 of 3rd period - Stopped by Mikko Koskinen without a rebound.
6:04 of 3rd period - Sam Steel wins face-off versus Travis Zajac in Islanders zone.
6:25 of 3rd period - Shot by Anthony DeAngelo.
6:25 of 3rd period - Stopped by Jaroslav Halak without a rebound.
6:26 of 3rd period - Frederik Gauthier wins face-off versus Anthony Cirelli in Lightning zone.
6:35 of 3rd period - Off-side.
6:36 of 3rd period - William Karlsson wins face-off versus Colton Sceviour in neutral zone.
6:57 of 3rd period - Shot by Alex Killorn.
6:57 of 3rd period - Shot Misses the Net.
6:59 of 3rd period - Shot by Zach Bogosian.
6:59 of 3rd period - Stopped by Mikko Koskinen without a rebound.
7:00 of 3rd period - Sidney Crosby wins face-off versus Elias Pettersson in Islanders zone.
7:13 of 3rd period - Shot by Sidney Crosby.
7:13 of 3rd period - Stopped by Mikko Koskinen with a rebound.
7:18 of 3rd period - Minor Penalty to Ben Chiarot for Slashing.
7:19 of 3rd period - William Karlsson wins face-off versus Brad Marchand in Islanders zone.
7:42 of 3rd period - Shot by William Karlsson.
7:42 of 3rd period - Stopped by Mikko Koskinen without a rebound.
7:43 of 3rd period - Sidney Crosby wins face-off versus Brad Marchand in Islanders zone.
7:56 of 3rd period - Shot by Logan Couture.
7:56 of 3rd period - Stopped by Mikko Koskinen without a rebound.
7:57 of 3rd period - Anthony Cirelli wins face-off versus William Karlsson in Islanders zone.
9:23 of 3rd period - Shot by Jeff Skinner.
9:23 of 3rd period - Stopped by Mikko Koskinen without a rebound.
9:24 of 3rd period - Travis Zajac wins face-off versus Colton Sceviour in Islanders zone.
9:24 of 3rd period - Luca Sbisa is hit by Tyler Myers and loses puck.
9:35 of 3rd period - Shot by Jeff Skinner.
9:35 of 3rd period - Stopped by Mikko Koskinen without a rebound.
9:36 of 3rd period - William Karlsson wins face-off versus Anthony Cirelli in Islanders zone.
9:41 of 3rd period - Shot by Alex Killorn.
9:41 of 3rd period - Stopped by Mikko Koskinen without a rebound.
9:42 of 3rd period - Sidney Crosby wins face-off versus Anthony Cirelli in Islanders zone.
9:42 of 3rd period - Logan Couture is hit by Neal Pionk and loses puck.
11:01 of 3rd period - Shot by Elias Pettersson.
11:01 of 3rd period - Shot Blocked by Jason Demers.
11:27 of 3rd period - Shot by Richard Panik.
11:27 of 3rd period - Shot Blocked by Kevin Shattenkirk.
11:29 of 3rd period - Shot by Jordan Greenway.
11:29 of 3rd period - Shot Blocked by Jason Demers.
11:31 of 3rd period - Shot by Dennis Cholowski.
11:31 of 3rd period - Stopped by Jaroslav Halak without a rebound.
11:32 of 3rd period - Travis Zajac wins face-off versus Sam Steel in Lightning zone.
11:38 of 3rd period - Minor Penalty to Erik Gudbranson for Holding.
11:39 of 3rd period - Anthony Cirelli wins face-off versus Travis Zajac in Lightning zone.
11:42 of 3rd period - Shot by Anthony Cirelli.
11:42 of 3rd period - Shot Blocked by Travis Zajac.
11:50 of 3rd period - Icing by Tyler Myers.
11:51 of 3rd period - Anthony Cirelli wins face-off versus Pierre-Edouard Bellemare in Islanders zone.
11:56 of 3rd period - Shot by Neal Pionk.
11:56 of 3rd period - Stopped by Jaroslav Halak without a rebound.
11:57 of 3rd period - Travis Zajac wins face-off versus Elias Pettersson in Lightning zone.
12:36 of 3rd period - Shot by Elias Pettersson.
12:36 of 3rd period - Stopped by Jaroslav Halak without a rebound.
12:37 of 3rd period - Travis Zajac wins face-off versus Anthony Cirelli in Lightning zone.
12:37 of 3rd period - Travis Zajac is hit by Anthony Cirelli.
13:15 of 3rd period - Shot by Timo Meier.
13:15 of 3rd period - Stopped by Jaroslav Halak without a rebound.
13:16 of 3rd period - Elias Pettersson wins face-off versus Travis Zajac in Lightning zone.
13:41 of 3rd period - Shot by Brad Marchand.
13:41 of 3rd period - Stopped by Jaroslav Halak without a rebound.
13:42 of 3rd period - Sidney Crosby wins face-off versus Colton Sceviour in Lightning zone.
14:09 of 3rd period - Shot by Richard Panik.
14:09 of 3rd period - Shot Misses the Net.
14:31 of 3rd period - Icing by Logan Couture.
14:32 of 3rd period - Joe Pavelski wins face-off versus Sidney Crosby in Lightning zone.
14:32 of 3rd period - Joe Pavelski is hit by Erik Gudbranson.
14:42 of 3rd period - Joe Pavelski is hit by Jeff Carter.
14:43 of 3rd period - Icing by Joe Pavelski.
14:44 of 3rd period - William Karlsson wins face-off versus Joe Pavelski in Islanders zone.
14:56 of 3rd period - Icing by Joe Pavelski.
14:57 of 3rd period - Elias Pettersson wins face-off versus Travis Zajac in Islanders zone.
14:57 of 3rd period - Elias Pettersson is hit by Zack Kassian.
14:58 of 3rd period - Minor Penalty to Zack Kassian for Roughing.
14:59 of 3rd period - Travis Zajac wins face-off versus Elias Pettersson in Lightning zone.
16:06 of 3rd period - Icing by Anthony DeAngelo.
16:07 of 3rd period - Travis Zajac wins face-off versus Anthony Cirelli in Islanders zone.
16:40 of 3rd period - Icing by Timo Meier.
16:41 of 3rd period - Anthony Cirelli wins face-off versus Joonas Donskoi in Islanders zone.
16:59 of 3rd period - Sidney Crosby is hit by Richard Panik.
17:15 of 3rd period - Shot by Dennis Cholowski.
17:15 of 3rd period - Stopped by Jaroslav Halak with a rebound.
18:02 of 3rd period - Shot by Elias Pettersson.
18:02 of 3rd period - Shot Blocked by Kevin Shattenkirk.
18:04 of 3rd period - Shot by Tyler Myers.
18:04 of 3rd period - Shot Misses the Net.
18:06 of 3rd period - Shot by Joe Pavelski.
18:06 of 3rd period - Shot Misses the Net.
18:08 of 3rd period - Shot by Brad Marchand.
18:08 of 3rd period - Shot Misses the Net.
18:15 of 3rd period - Kevin Shattenkirk is hit by Tyler Myers and loses puck.
18:55 of 3rd period - Icing by Ben Chiarot.
18:56 of 3rd period - Anthony Cirelli wins face-off versus Travis Zajac in Islanders zone.
19:10 of 3rd period - Andrei Svechnikov is hit by Zach Bogosian and loses puck.
19:16 of 3rd period - Off-side.
19:17 of 3rd period - Colton Sceviour wins face-off versus Sidney Crosby in neutral zone.
Goals for this period are 0 for Islanders vs 1 for Lightning.
Shots for this period are 8 for Islanders vs 13 for Lightning.